AoeStats
← El sar

Arena

509624211Analyzed
1v1 RM · 5d ago on Sep 27, 2026· 35m 7s· 2 players
Game mode
Random Map
Map size
Tiny (2 player)
Population
200
Speed
Normal
Resources
Standard
Victory
Conquest
Starting age
Dark Age
Ending age
Imperial Age
RankedLock teamsTeams togetherTeam positionsShared explorationLock speedFull tech treeHidden civsTurbo modeCheats
Victory
Defeat
🇦🇷 Franks · Argentina
597
+22
🇨🇴 Persians · Colombia
536
-13
El sar
10:08 Feudal Age
10:53 Double-Bit Axe
10:52 Horse Collar
19:42 Castle Age
20:45 Bow Saw
20:25 Loom
20:13 Pikeman
20:54 Squires
21:08 Town Watch
21:59 Wheelbarrow
21:39 Stone Mining
22:04 Heavy Plow
22:28 Scale Mail Armor
23:13 Town Patrol
24:29 Hand Cart
28:42 Gold Mining
32:19 Imperial Age
30:24 Kamandaran
30:48 Fletching
30:59 Padded Archer Armor
31:14 Chain Mail Armor
31:11 Forging
34:27 Chemistry
33:48 Ballistics
33:25 Murder Holes
Jugador14011400
12:05 Feudal Age
12:56 Double-Bit Axe
18:53 Castle Age
17:06 Gold Mining
19:18 Stone Mining
19:43 Husbandry
20:00 Forging
19:57 Scale Barding Armor
20:18 Bow Saw
21:40 Gold Shaft Mining
23:14 Wheelbarrow
26:23 Loom
30:55 Imperial Age
31:32 Ballistics
32:26 Cavalier
34:17 Hand Cart
35:03 Iron Casting
34:34 Scale Barding Armor
33:53 Paladin
Connection lost

Rejoining the realm…

Still unreachable

The connection could not be restored.

Session expired

The server has moved on; the page needs a fresh start.